 Dungeon Crawl Stone Soup version 0.27-a0-860-gaf99fae3ca (webtiles) character file.

Game seed: 10755026570220193469

441 robertstho the Chiller (level 7, -5/50 HPs)
             Began as a Gnoll Ice Elementalist on Apr 1, 2021.
             Slain by a nameless horror (14 damage)
             ... created by miscasting Summon Ice Beast
             ... on level 3 of the Dungeon.
             The game lasted 00:08:07 (4244 turns).

robertstho the Chiller (Gnoll Ice Elementalist)     Turns: 4244, Time: 00:08:08

Health: -5/50      AC:  7    Str:  7    XL:     7   Next: 2%
Magic:  0/15       EV: 14    Int: 16    God:
Gold:   177        SH:  0    Dex: 13    Spells: 2/17 levels left

rFire    . . .     SeeInvis .   j - +3 trident
rCold    . . .     Faith    .   (no shield)
rNeg     . . .     Spirit   .   a - +1 robe
rPois    .         Reflect  .   (no helmet)
rElec    .         Harm     .   (no cloak)
rCorr    .         Rampage  .   (no gloves)
Will     .....                  (no boots)
Stlth    +++.......             (no amulet)
HPRegen  0.16/turn              d - ring of flight
MPRegen  0.14/turn              f - +4 ring of protection

@: flying
A: fangs 1, strong nose, distributed training
a: no special abilities


You were on level 3 of the Dungeon.
You visited 1 branch of the dungeon, and saw 4 of its levels.

You collected 177 gold pieces.

Inventory:

Hand Weapons
 b - a +0 short sword
 j - a +3 trident (weapon)
Armour
 a - a +1 robe (worn)
Jewellery
 d - a ring of flight (left hand)
 f - a +4 ring of protection (right hand)
 p - an amulet of guardian spirit
Wands
 m - a wand of flame (25)
Scrolls
 e - 3 scrolls of teleportation
 h - a scroll of immolation
 i - a scroll of fear
 q - a scroll of silence {unknown}
Potions
 c - a potion of flight {unknown}
 g - a potion of curing {unknown}
 k - 2 potions of heal wounds {unknown}
 l - a potion of invisibility {unknown}
 n - a potion of lignification {unknown}
 o - a potion of attraction {unknown}


   Skills:
 + Level 2.2 Fighting
 + Level 2.2 Short Blades
 + Level 2.2 Long Blades
 + Level 2.2 Axes
 + Level 2.2 Maces & Flails
 + Level 2.2 Polearms
 + Level 2.2 Staves
 + Level 2.2 Slings
 + Level 2.2 Bows
 + Level 2.2 Crossbows
 + Level 2.2 Throwing
 + Level 2.2 Armour
 + Level 5.1 Dodging
 + Level 4.7 Stealth
 + Level 2.2 Shields
 + Level 2.2 Unarmed Combat
 + Level 5.5 Spellcasting
 + Level 1.8 Conjurations
 + Level 1.8 Hexes
 + Level 1.8 Summonings
 + Level 1.8 Necromancy
 + Level 1.8 Translocations
 + Level 1.8 Transmutations
 + Level 1.8 Fire Magic
 + Level 7.3 Ice Magic
 + Level 1.8 Air Magic
 + Level 1.8 Earth Magic
 + Level 1.8 Poison Magic
 + Level 2.4 Invocations
 + Level 2.2 Evocations


You had 2 spell levels left.
You knew the following spells:

 Your Spells              Type           Power      Damage    Failure   Level
a - Freeze                Ice            100%       1d11      1%          1
b - Frozen Ramparts       Ice            54%        1d7       2%          3
c - Ozocubu's Armour      Ice            27%        N/A       2%          3
d - Hailstorm             Conj/Ice       19%        3d6       22%         4
e - Summon Ice Beast      Ice/Summ       19%        N/A       22%         4

Your spell library contained the following spells:

 Spells                   Type           Power      Damage    Failure   Level
 Animate Skeleton         Necr           20%        N/A       7%          1
 Apportation              Tloc           20%        N/A       7%          1
 Corona                   Hex            11%        N/A       7%          1
 Magic Dart               Conj           40%        1d5       7%          1
 Sandblast                Erth           20%        2d7       7%          1
 Summon Small Mammal      Summ           40%        N/A       7%          1
 Passwall                 Tmut/Erth      8%         N/A       11%         2
 Searing Ray              Conj           20%        3d3       11%         2
 Dazzling Flash           Conj/Hex       20%        N/A       21%         3
 Stone Arrow              Conj/Erth      20%        3d8       21%         3
 Fulminant Prism          Conj/Hex       5%         3d7       56%         4
 Iskenderun's Mystic Bla  Conj/Tloc      10%        2d4       56%         4
 Petrify                  Tmut/Erth      10%        N/A       56%         4
 Lee's Rapid Deconstruct  Erth           5%         3d7*      88%         5


Dungeon Overview and Level Annotations

Branches:
Dungeon (4/15)
 Temple: D:4-7

Altars:
Ru

Annotations:
D:4 2 runed translucent doors, Demosthentine's ghost, amateur MfGl


Innate Abilities, Weirdness & Mutations

You have very sharp teeth.
Your uncanny sense of smell can sniff out nearby items.
Your experience applies equally to all skills.


Message History

Your ice beast shudders.
You barely miss the nameless horror.
The nameless horror is heavily damaged.
Your ice beast hits the nameless horror but does no damage.
Send 'em back where they came from!
Your ice beast disappears in a puff of smoke!
You hit the nameless horror.
The nameless horror is severely damaged.
The nameless horror hits you!
You feel your power leaking away.
You are too injured to fight recklessly!
You are too injured to fight recklessly!
There is a stone staircase leading up here.
The nameless horror hits you.
You feel your power leaking away.
You fly upwards.
There is a stone staircase leading down here.
Casting: Summon Ice Beast (quite dangerous; 22% risk of failure)
Confirm with . or Enter, or press ? or * to list all spells.
Aiming: Freeze (safe; 1% risk of failure)
Press: ? - help, Shift-Dir - straight line, f - nameless horror
Aim: a nameless horror (heavily damaged, durably summoned)
You freeze the nameless horror.
The nameless horror is severely damaged.
The nameless horror closely misses you. The nameless horror hits you!
* * * LOW HITPOINT WARNING * * *
You feel your power leaking away.
Casting: Freeze (safe; 1% risk of failure)
Confirm with . or Enter, or press ? or * to list all spells.
Okay, then.
Casting: Freeze (safe; 1% risk of failure)
Confirm with . or Enter, or press ? or * to list all spells.
Aiming: Freeze (safe; 1% risk of failure)
Press: ? - help, Shift-Dir - straight line, f/p - nameless horror
Aim: a nameless horror (severely damaged, durably summoned)
You freeze the nameless horror!
The nameless horror is almost destroyed.
The nameless horror hits you!
You die...

##.....#.#####.#.######...#####..
########.# #.#.# #...# #.. ######
#.# #.#.# #...# ### .....#
#.#####.#.# #...# ### ####.#
#.........# #...# #.. ####.#
#######.### ##.## #.# ..##.###
#.# ######.# #.#
#......#######.####......# ####.#
####.#..........@X....######....#
.....##########.###..............
###### #..##...#...##..>##
##.##.....#.#####.. #.######...#
#.# #.# ##.## #.# ####.#### #.#
#.# #.......####.### #.#
#.##.##.##.....# #..


You could see a nameless horror.

Vanquished Creatures
  An ogre (D:4)
  A scorpion (D:3)
  A hound (D:4)
  An orc priest (D:3)
  Jessica (D:2)
  An iguana (D:4)
  An orc wizard (D:4)
  5 adders
  A gnoll (D:3)
  2 worms (D:3)
  2 dart slugs
  6 orcs
  10 ball pythons
  4 bats
  8 endoplasms
  8 giant cockroaches
  8 goblins
  4 hobgoblins
  6 jackals
  4 quokkas
  A frilled lizard (D:1)
  5 kobolds
  A quokka skeleton (D:3)
  4 rats
86 creatures vanquished.

Vanquished Creatures (collateral kills)
  A nameless horror (D:4)
1 creature vanquished.

Grand Total: 87 creatures vanquished

Notes
Turn   | Place    | Note
-------+----------+-------------------------------------------
     0 | D:1      | robertstho the Gnoll Ice Elementalist began the quest for
                  | the Orb.
     0 | D:1      | Reached XP level 1. HP: 13/13 MP: 6/6
   645 | D:1      | Reached XP level 2. HP: 14/19 MP: 5/7
  1048 | D:2      | Noticed Jessica
  1057 | D:2      | Killed Jessica
  1058 | D:2      | Reached skill level 5 in Spellcasting
  1058 | D:2      | Reached skill level 1 in Invocations
  1058 | D:2      | Reached XP level 3. HP: 22/25 MP: 5/9
  1128 | D:2      | Found a faded altar of an unknown god.
  1301 | D:2      | Reached skill level 1 in Fighting
  1301 | D:2      | Reached skill level 1 in Short Blades
  1301 | D:2      | Reached skill level 1 in Long Blades
  1301 | D:2      | Reached skill level 1 in Axes
  1301 | D:2      | Reached skill level 1 in Maces & Flails
  1301 | D:2      | Reached skill level 1 in Polearms
  1301 | D:2      | Reached skill level 1 in Staves
  1301 | D:2      | Reached skill level 1 in Slings
  1301 | D:2      | Reached skill level 1 in Bows
  1301 | D:2      | Reached skill level 1 in Crossbows
  1301 | D:2      | Reached skill level 1 in Throwing
  1301 | D:2      | Reached skill level 1 in Armour
  1301 | D:2      | Reached skill level 1 in Shields
  1301 | D:2      | Reached skill level 1 in Unarmed Combat
  1301 | D:2      | Reached skill level 1 in Evocations
  1415 | D:2      | Reached XP level 4. HP: 28/32 MP: 7/11
  1912 | D:3      | Found a sacrificial altar of Ru.
  2102 | D:3      | Reached skill level 1 in Conjurations
  2102 | D:3      | Reached skill level 1 in Hexes
  2102 | D:3      | Reached skill level 1 in Summonings
  2102 | D:3      | Reached skill level 1 in Necromancy
  2102 | D:3      | Reached skill level 1 in Translocations
  2102 | D:3      | Reached skill level 1 in Transmutations
  2102 | D:3      | Reached skill level 1 in Fire Magic
  2102 | D:3      | Reached skill level 1 in Air Magic
  2102 | D:3      | Reached skill level 1 in Earth Magic
  2102 | D:3      | Reached skill level 1 in Poison Magic
  2126 | D:3      | Reached XP level 5. HP: 28/37 MP: 9/12
  2849 | D:3      | Learned a level 3 spell: Frozen Ramparts
  2853 | D:3      | Learned a level 3 spell: Ozocubu's Armour
  2858 | D:3      | Learned a level 4 spell: Hailstorm
  2914 | D:3      | Reached XP level 6. HP: 34/44 MP: 9/13
  2919 | D:3      | Learned a level 4 spell: Summon Ice Beast
  3295 | D:4      | Reached skill level 5 in Dodging
  3711 | D:4      | Noticed a nameless horror
  3712 | D:4      | Noticed a nameless horror
  3886 | D:4      | Found a large runed translucent door.
  3886 | D:4      | Found a large runed translucent door.
  3901 | D:4      | Noticed Demosthentine's ghost (amateur MfGl)
  3939 | D:4      | Reached XP level 7. HP: 32/50 MP: 6/15
  4201 | D:4      | Killed a nameless horror
  4244 | D:3      | Slain by a nameless horror

Illustrated notes

Levels and vault maps discovered:
D:1:      heliophobic_arrival_glass_houses, layout_basic, minmay_pentomino_s2
D:2:      layout_rooms, ebering_ecumenical_altar_mist, uniq_jessica
D:3:      minmay_diamond_boxcup, layout_loops_cross, nicolae_ru_awakened_eye,
          minmay_circle_x
D:4:      layout_cave_pools, ebering_ghost_disaster_area, minmay_bent

Skill      XL: |  1  2  3  4  5  6 |
---------------+-------------------+-----
Spellcasting   | 5 |  5.5
Invocations    | 1 2 |  2.4
Fighting       | 1 2 |  2.2
Short Blades   | 1 2 |  2.2
Long Blades    | 1 2 |  2.2
Axes           | 1 2 |  2.2
Maces & Flails | 1 2 |  2.2
Polearms       | 1 2 |  2.2
Staves         | 1 2 |  2.2
Slings         | 1 2 |  2.2
Bows           | 1 2 |  2.2
Crossbows      | 1 2 |  2.2
Throwing       | 1 2 |  2.2
Armour         | 1 2 |  2.2
Shields        | 1 2 |  2.2
Unarmed Combat | 1 2 |  2.2
Evocations     | 1 2 |  2.2
Conjurations   | 1 |  1.8
Hexes          | 1 |  1.8
Summonings     | 1 |  1.8
Necromancy     | 1 |  1.8
Translocations | 1 |  1.8
Transmutations | 1 |  1.8
Fire Magic     | 1 |  1.8
Air Magic      | 1 |  1.8
Earth Magic    | 1 |  1.8
Poison Magic   | 1 |  1.8
Dodging        | 5 |  5.1
Stealth        | |  4.7
Ice Magic      | |  7.3

Action                   |  1- 3 |  4- 6 |  7- 9 || total
-------------------------+-------+-------+-------++-------
Melee: Short sword       |    25 |    26 |       ||    51
       Bite              |     2 |     7 |     1 ||    10
       Unarmed           |     1 |       |       ||     1
       Trident           |       |    91 |    14 ||   105
 Cast: Freeze            |    28 |    12 |     2 ||    42
       Frozen Ramparts   |       |     8 |       ||     8
       Summon Ice Beast  |       |       |     2 ||     2
  Use: Scroll            |       |     7 |       ||     7
 Stab: Sleeping          |     4 |    16 |     2 ||    22
       Distracted        |       |     1 |       ||     1
Armor: Robe              |     3 |    37 |       ||    40
Dodge: Dodged            |    28 |    90 |     5 ||   123

Table legend: (Time is in decaauts)
 A = Elapsed time spent in this place.
 B = Non-inter-level travel time spent in this place.
 C = Inter-level travel time spent in this place.
 D = Time resting spent in this place.
 E = Time spent auto-exploring this place.
 F = Levels seen in this place.
 G = Mean time per level.
                   A        B        C        D        E       F      G
               +--------+--------+--------+--------+--------+-----+--------+
         Total |   4267 |   4195 |     72 |    629 |   2951 |   4 | 1066.8 |
       Dungeon |   4267 |   4195 |     72 |    629 |   2951 |   4 | 1066.8 |
               +--------+--------+--------+--------+--------+-----+--------+

Top non-repeatable levels by time:
     D:3: 1365 daAuts
     D:4: 1046 daAuts
     D:1: 1040 daAuts
     D:2: 814 daAuts
